 Dungeon Crawl Stone Soup version bcrawl-1.22 (webtiles) character file.

Game seed: 6894900824713874896

1260 diana the Carver (level 8, -1/57 HPs)
             Began as a Demonspawn Gladiator on May 10, 2020.
             Was a Believer of Okawaru.
             Succumbed to an orc wizard's poison
             ... on level 6 of the Dungeon.
             The game lasted 00:09:43 (6063 turns).

diana the Carver (Demonspawn Gladiator)             Turns: 6063, Time: 00:09:44

Health: -1/57      AC: 11    Str: 18 (21) XL:     8   Next: 27%
Magic:  8/8        EV:  8    Int:  8 (10) God:    Okawaru [**....]
Gold:   242        SH:  0    Dex: 17      Spells: 7/7 levels left

rFire    . . .     SeeInvis .   a - +0 long sword
rCold    . . .     Gourm    .   l - +0 buckler
rNeg     . . .     Faith    .   i - +0 chain mail
rPois    .         Spirit   .   u - +1 hat
rElec    .         Reflect  .   p - +0 cloak (curse)
rCorr    .         Harm     .   (no gloves)
MR       .....                  (no boots)
Stlth    ..........             (no amulet)
HPRegen  0.19/turn              g - +2 ring of dexterity
MPRegen  0.11/turn              (no ring)

@: confused, mighty, lethally poisoned (-1 -> -85)
A: horns 2, rugged brown scales 1, demonic guardian 1, wild magic 1
a: Heroism, Renounce Religion


You were on level 6 of the Dungeon.
You worshipped Okawaru.
Okawaru was pleased with you.
You were not hungry.

You visited 2 branches of the dungeon, and saw 7 of its levels.

You collected 242 gold pieces.

Inventory:

Hand Weapons
 a - a +0 long sword (weapon)
Missiles
 d - 3 throwing nets (quivered) {!f}
Armour
 i - a +0 chain mail (worn)
 l - a +0 buckler (worn)
 p - a cursed +0 cloak (worn)
 u - a +1 hat (worn)
Jewellery
 g - a +2 ring of dexterity (left hand)
 v - an uncursed ring of fire
Wands
 w - a wand of digging (5)
Scrolls
 b - a scroll of fear {unknown}
 h - a scroll of enchant weapon {unknown}
 m - a scroll of amnesia {unknown}
 o - a scroll of blinking {unknown}
 q - 3 scrolls of remove curse
 s - 4 scrolls of identify {unknown}
 x - a scroll of teleportation {unknown}
 y - a scroll of magic mapping {unknown}
Potions
 n - a potion of mutation
 r - 2 potions of cancellation
Comestibles
 c - 5 chunks of flesh
 e - 5 rations {!d}


   Skills:
 - Level 2.0 Fighting
 + Level 8.6 Long Blades
 - Level 1.7 Throwing
 - Level 2.6 Dodging
 - Level 4.0 Shields


You had 7 spell levels left.
You didn't know any spells.
Your spell library was empty.

Dungeon Overview and Level Annotations

Branches:
Dungeon (6/12)             Temple (1/1) D:4

Altars:
Ashenzari
Cheibriados
Dithmenos
Elyvilon
Gozag
Hepliaklqana
Kikubaaqudgha
Lugonu
Makhleb
Nemelex Xobeh
Okawaru
Ru
Sif Muna
Trog
Uskayaw
Vehumet
Wu Jian
Xom
Yredelemnul
Zin


Innate Abilities, Weirdness & Mutations

You have a pair of horns on your head.
You are partially covered in rugged brown scales. (AC +1, +3% HP)
A weak demonic guardian rushes to your aid.
Your spells are a little harder to cast, but a little more powerful.


Message History

Something hits you but does no damage.
You are more poisoned.
It was a potion of mutation.
You feel extremely strange.
You feel less in control of your magic. The horns on your head grow some more.
* * * LOW HITPOINT WARNING * * *
You feel very sick. Something hits you but does no damage.
You are more poisoned.
The orc hits you but does no damage.
It was a potion of might.
You feel very mighty all of a sudden.
* * * LOW HITPOINT WARNING * * *
You feel very sick. Something hits you but does no damage.
You are more poisoned.
You block the orc's attack. You block something's attack.
It was a potion of ambrosia.
You are confused.
You feel invigorated.
You die...

## #.### #...
#..### #..#.#
#######o..#
#####?.5@{oo.#
#.....####o.##
#.#####
#o<..## ###
##o...#
##.##.# #.# #
#.# ##'##
##...##


You could see an orc wizard, 3 orcs and a friendly quasit.

Vanquished Creatures
  A water moccasin (D:6)
  An ice beast (D:5)
  A centaur (D:6)
  A bullfrog (D:6)
  A big kobold (D:5)
  2 scorpions (D:4)
  A wight (D:6)
  A howler monkey (D:4)
  A quasit (D:4)
  A hound (D:4)
  A bullfrog zombie (D:6)
  3 orc priests
  6 orc wizards
  3 worker ants (D:5)
  Robin (D:2)
  8 adders
  A shadow imp (D:5)
  An ooze (D:3)
  2 worms
  2 dart slugs
  5 leopard geckos
  13 orcs
  3 ball pythons
  A bat (D:1)
  4 giant cockroaches
  13 goblins
  6 hobgoblins
  9 jackals
  9 kobolds
  5 quokkas
  4 frilled lizards
  2 quokka skeletons
  A rat (D:1)
114 creatures vanquished.

Vanquished Creatures (collateral kills)
  A centaur (D:6)
  2 scorpions
  An orc wizard (D:6)
  Terence (D:2)
  4 orcs
  A jackal (D:4)
10 creatures vanquished.

Grand Total: 124 creatures vanquished

Notes
Turn   | Place    | Note
-------+----------+-------------------------------------------
     0 | D:1      | diana the Demonspawn Gladiator began the quest for the Orb.
     0 | D:1      | Reached XP level 1. HP: 16/16 MP: 1/1
    53 | D:1      | Reached skill level 3 in Long Blades
   308 | D:1      | Gained mutation: A weak demonic guardian rushes to your
                  | aid. [demonic ancestry]
   308 | D:1      | Reached XP level 2. HP: 22/22 MP: 2/2
  1090 | D:1      | Gained mutation: You are partially covered in rugged brown
                  | scales. (AC +1, +3% HP) [demonic ancestry]
  1090 | D:1      | Reached XP level 3. HP: 20/27 MP: 3/3
  1706 | D:2      | Noticed Terence
  1722 | D:2      | Killed Terence
  1745 | D:2      | Reached skill level 1 in Shields
  1813 | D:2      | Reached skill level 4 in Long Blades
  2046 | D:2      | Reached XP level 4. HP: 33/33 MP: 4/4
  2046 | D:2      | Noticed Robin
  2053 | D:2      | Killed Robin
  2316 | D:2      | Found a bloodstained altar of Trog.
  2552 | D:3      | Found a glowing silver altar of Zin.
  2701 | D:3      | Found an opulent altar of Gozag.
  2818 | D:3      | Found a hazy altar of Hepliaklqana.
  2826 | D:3      | Reached XP level 5. HP: 39/39 MP: 5/5
  3185 | D:4      | Found a basalt altar of Yredelemnul.
  3219 | D:4      | Found a sparkling altar of Nemelex Xobeh.
  3255 | D:4      | Reached skill level 5 in Long Blades
  3307 | D:4      | Gained mutation: You have a pair of small horns on your
                  | head. [demonic ancestry]
  3307 | D:4      | Reached XP level 6. HP: 37/45 MP: 6/6
  3417 | D:4      | Found a staircase to the Ecumenical Temple.
  3466 | Temple   | Entered the Ecumenical Temple
  3590 | Temple   | Became a worshipper of Warmaster Okawaru
  4195 | D:4      | Found a radiant altar of Vehumet.
  4489 | D:5      | Entered Level 5 of the Dungeon
  4529 | D:5      | Found a white marble altar of Elyvilon.
  4554 | D:5      | Reached skill level 6 in Long Blades
  4554 | D:5      | Reached XP level 7. HP: 48/51 MP: 7/7
  4633 | D:5      | Reached * piety under Okawaru
  5161 | D:5      | Reached skill level 7 in Long Blades
  5839 | D:6      | Reached XP level 8. HP: 44/57 MP: 8/8
  5870 | D:6      | Reached ** piety under Okawaru
  5870 | D:6      | Reached skill level 8 in Long Blades
  6061 | D:6      | Gained mutation: Your spells are a little harder to cast,
                  | but a little more powerful. [potion of mutation]
  6061 | D:6      | Gained mutation: You have a pair of horns on your head.
                  | [potion of mutation]
  6062 | D:6      | HP: 1/57 [poisoned by an orc wizard]
  6063 | D:6      | Succumbed to an orc wizard's poison

Skill      XL: |  1  2  3  4  5  6  7  8 |
---------------+-------------------------+-----
Long Blades    | 3 4 5 6 7 8 |  8.6
Shields        | 1 2 3 4 |  4.0
Fighting       | |  2.0
Throwing       | |  1.7
Dodging        | |  2.6

Action                   |  1- 3 |  4- 6 |  7- 9 || total
-------------------------+-------+-------+-------++-------
Melee: Long sword        |   118 |   207 |   168 ||   493
       Headbutt          |       |    17 |    30 ||    47
  Use: Scroll            |       |     1 |       ||     1
       Potion            |       |       |     9 ||     9
 Stab: Distracted        |       |     4 |     1 ||     5
  Eat: Chunk             |     4 |     6 |     3 ||    13
       Ration            |       |       |     1 ||     1
Armor: Leather armour    |     4 |       |       ||     4
       Chain mail        |    61 |   107 |    90 ||   258
Dodge: Dodged            |    40 |    56 |    53 ||   149
Block: Other             |     1 |       |       ||     1
       Buckler           |    16 |    61 |    64 ||   141
